 Dungeon Sprint DCSS version 0.18-b1-2-gd0c887e (webtiles) character file.

1150 Groucho the Jinx (level 8, -1/43 HPs)
             Began as a Spriggan Enchanter on Apr 29, 2016.
             Slain by a flying skull (12 damage)
             ... in the Dungeon (Sprint II: "The Violet Keep of Menkaure").
             The game lasted 00:04:17 (605 turns).

Groucho the Jinx (Spriggan Enchanter)                Turns: 605, Time: 00:04:18

Health: -1/43      AC:  3    Str:  5    XL:     8   Next: 15%
Magic:  16/24      EV: 25    Int: 17    God:
Gold:   729        SH:  0    Dex: 17    Spells: 5 memorised, 17 levels left

rFire  . . .     SeeInvis +     a - +1 dagger
rCold  . . .     Gourm    .     b - +1 robe
rNeg   . . .     Faith    .     (shield restricted)
rPois  .         Spirit   .     (helmet restricted)
rElec  .         Dismiss  .     (no cloak)
rCorr  .         Reflect  .     (gloves unavailable)
SustAt .         Harm     .     (boots unavailable)
MR     +....     NoTele   +     (no amulet)
Stlth  +++++.....               (no ring)
                                (no ring)

@: very quick, somewhat resistant to hostile enchantments, quite stealthy
A: unfitting armour, see invisible, herbivore 3, speed 3, screaming 1, slow
metabolism 2
a: no special abilities


You were in the Dungeon.
You were not hungry.

You visited 1 branch You collected 729 gold pieces.

Inventory:

Hand Weapons
 a - a +1 dagger (weapon)
Armour
 b - a +1 robe (worn)
Scrolls
 j - a scroll of blinking
Potions
 f - a potion of heal wounds
Books
 c - a book of Maledictions

   Spells                             Type                      Level
   a - Corona                         Hexes                        1
   b - Ensorcelled Hibernation        Hexes/Ice                    2
   c - Confuse                        Hexes                        3
   d - Tukima's Dance                 Hexes                        3
   e - Dazzling Spray                 Conjuration/Hexes            3
Comestibles
 d - a bread ration


   Skills:
 + Level 5.1 Fighting
 + Level 6.8 Short Blades
 + Level 9.6 Dodging
 + Level 10.5 Stealth
 * Level 11.2 Spellcasting
 * Level 11.3 Hexes


You had 17 spell levels left.
You knew the following spells:

 Your Spells              Type           Power        Failure   Level  Hunger
a - Corona                Hex            #####..      1%          1    None
b - Ensorcelled Hibernat  Hex/Ice        ####..       1%          2    None
c - Confuse               Hex            #####...     1%          3    None
d - Dazzling Spray        Conj/Hex       ####....     2%          3    None
e - Tukima's Dance        Hex            #####...     1%          3    None


Dungeon Overview and Level Annotations

Branches:
Dungeon (1/1)

Altars:

Shops:
D :(!!=}[[?![=:*(%

Annotations:
D exclusion: oklob plant


Innate Abilities, Weirdness & Mutations

You are tiny and cannot use many weapons and most armour.
You have supernaturally acute eyesight.
You are a herbivore.
You cover ground extremely quickly.
You need consume almost no food.
You occasionally shout uncontrollably at your foes.


Message History

Press: ? - help, Shift-Dir - straight line, f/p - flying skull
Aim: a flying skull (heavily damaged)
The spray of energy misses the flying skull.
The spray of energy hits the flying skull.
The flying skull is lightly damaged.
The flying skull closely misses you. x2
The flying skull completely misses you.
Unknown command.
Casting: Dazzling Spray
Confirm with . or Enter, or press ? or * to list all spells.
Aiming: Dazzling Spray
Press: ? - help, Shift-Dir - straight line, f/p - flying skull
Aim: a flying skull (heavily damaged)
The spray of energy hits the flying skull.
The flying skull is heavily damaged.
The spray of energy misses the flying skull.
The flying skull completely misses you. The flying skull hits you.
* * * LOW HITPOINT WARNING * * *
The flying skull hits you!
You die...

#########≈≈≈§.. §z
.....∩.∩#≈≈≈≈.##'##
....∩.∩.#≈≈≈≈##.#.##
...∩.∩..#≈≈≈≈#..#..#
..∩.∩...#≈≈####...# ##
.⌠.∩....#≈##.###†###.#
..∩.∩...#≈#.#.##.##.#
...∩.∩..'≈'.##'.zz'#
....∩.∩.#≈#..###@##.#
▓▓▓▓▓▓###≈##.###'###.#
!GG######≈≈####.#.# ##
$GZ#$ ##≈≈≈#††##†#
∩P?+x +#≈##..### ?$.
?# ≈≈##+#


[Z$ ## ≈≈ #+# #≈§ You could see 2 flying skulls.

Vanquished Creatures
  A flying skull (D)
  3 neqoxecs (D)
  2 hippogriffs (D)
  4 necrophages (D)
  3 worms (D)
13 creatures vanquished.

Vanquished Creatures (others)
  A neqoxec (D)
  Menkaure (D)
  2 crocodiles (D)
4 creatures vanquished.

Grand Total: 17 creatures vanquished

Notes
Turn   | Place    | Note
--------------------------------------------------------------
     0 | D        | Groucho the Spriggan Enchanter began the quest for the Orb.
     0 | D        | Reached XP level 1. HP: 9/9 MP: 5/5
     1 | D        | Noticed a neqoxec
     8 | D        | Gained mutation: You occasionally shout uncontrollably at your foes. [a neqoxec]
     9 | D        | Noticed a neqoxec
    17 | D        | Killed a neqoxec
    17 | D        | Reached skill level 5 in Dodging
    17 | D        | Reached XP level 2. HP: 16/16 MP: 6/10
    17 | D        | Reached XP level 3. HP: 19/19 MP: 6/11
    17 | D        | Reached XP level 4. HP: 23/23 MP: 7/13
    26 | D        | Killed a neqoxec
    26 | D        | Reached XP level 5. HP: 28/28 MP: 8/16
    26 | D        | Killed a crocodile
   130 | D        | Killed Menkaure
   175 | D        | Killed a crocodile
   199 | D        | Learned a level 2 spell: Ensorcelled Hibernation
   203 | D        | Learned a level 3 spell: Confuse
   207 | D        | Learned a level 3 spell: Dazzling Spray
   211 | D        | Learned a level 3 spell: Tukima's Dance
   215 | D        | Found Lirghal's Book Shoppe.
   215 | D        | Found Lezierch's Antique Weapon Emporium.
   215 | D        | Found Tobrauro's Distillery.
   216 | D        | Found Emips's Gadget Emporium.
   216 | D        | Found Nivic's Magic Scroll Emporium.
   216 | D        | Found Rurut's Jewellery Shoppe.
   216 | D        | Found Alieb's Antique Armour Shoppe.
   216 | D        | Found Suipaini's Jewellery Shoppe.
   216 | D        | Found Leheitod's Distillery.
   216 | D        | Found Hautod's General Store.
   216 | D        | Found Lytoydwo's Antique Armour Emporium.
   216 | D        | Found Pomit's Food Shoppe.
   216 | D        | Found Ukul's Antique Armour Emporium.
   220 | D        | Found Naohishuac's Distillery.
   220 | D        | Found Weblaota's Weapon Emporium.
   220 | D        | Noticed a shining eye
   221 | D        | Noticed a neqoxec
   221 | D        | Noticed a shining eye
   221 | D        | Noticed a shining eye
   221 | D        | Noticed an oklob plant
   239 | D        | Killed a neqoxec
   239 | D        | Reached skill level 5 in Short Blades
   239 | D        | Reached XP level 6. HP: 33/33 MP: 14/18
   299 | D        | Found Xegech's Book Shoppe.
   304 | D        | Noticed an unseen horror
   343 | D        | Noticed a hippogriff
   343 | D        | Noticed a hippogriff
   348 | D        | Killed a hippogriff
   352 | D        | Killed a hippogriff
   352 | D        | Reached skill level 10 in Spellcasting
   352 | D        | Reached skill level 10 in Hexes
   352 | D        | Reached XP level 7. HP: 35/38 MP: 9/21
   394 | D        | Killed a neqoxec
   413 | D        | Reached skill level 10 in Stealth
   444 | D        | Reached skill level 5 in Fighting
   575 | D        | Noticed a flying skull
   576 | D        | Noticed a flying skull
   576 | D        | Noticed a flying skull
   577 | D        | Noticed a flying skull
   577 | D        | Noticed a flying skull
   588 | D        | Killed a flying skull
   588 | D        | Reached XP level 8. HP: 14/43 MP: 2/24
   605 | D        | Slain by a flying skull

Skill      XL: |  1  2  3  4  5  6  7 |
---------------+----------------------+-----
Fighting       | 2 3 4 5 |  5.1
Short Blades   | 3 4 5 6 |  6.8
Dodging        | 5 6 7 8 9 |  9.6
Stealth        | 6 7 8 9 10 | 10.5
Spellcasting   | 6 7 8 10 11 | 11.2
Hexes          | 6 8 9 10 11 | 11.3

Action                   |  1- 3 |  4- 6 |  7- 9 || total
-------------------------+-------+-------+-------++-------
Melee: Dagger            |    11 |    16 |    73 ||   100
 Cast: Confuse           |       |     1 |     7 ||     8
       Ensorcelled Hiber |       |     5 |       ||     5
       Dazzling Spray    |       |       |    16 ||    16
  Use: Potion            |     2 |       |     3 ||     5
 Stab: Confused          |       |     2 |       ||     2
       Sleeping          |       |     2 |     3 ||     5
Armor: Robe              |       |       |     5 ||     5
Dodge: Dodged            |     5 |    12 |    65 ||    82
